 Dungeon Crawl Stone Soup version 0.28-a0-384-g9e0c098162 (webtiles) character file.

Game seed: 1253348054471104574

213 Goblin1989 the Cudgeller (level 5, -1/41 HPs)
             Began as a Demonspawn Cinder Acolyte on Sept 2, 2021.
             Was a High Priest of Ignis.
             Killed from afar by an orc wizard (3 damage)
             ... with a puff of flame
             ... on level 4 of the Dungeon on Sept 3, 2021.
             The game lasted 00:07:11 (5429 turns).

Goblin1989 the Cudgeller (DsCA)                     Turns: 5429, Time: 00:07:11

Health: -1/41      AC:  5    Str: 15    XL:     5   Next: 59%
Magic:  0/6        EV: 12    Int: 16    God:    Ignis [*****.]
Gold:   164        SH:  6    Dex:  8    Spells: 6/6 levels left

rFire   + . .      SeeInvis .   b - +0 flail
rCold   . . .      Faith    .   r - +0 kite shield
rNeg    . . .      Spirit   +   u - +0 robe
rPois   .          Reflect  .   (no helmet)
rElec   .          Harm     .   q - +0 cloak
rCorr   .          Rampage  .   (no gloves)
Will    .....                   (no boots)
Stlth   +.........              h - amulet of guardian spirit
HPRegen 0.13/turn               l - +4 ring of evasion
MPRegen 0.10/turn               (no ring)

@: no status effects
A: hooves 1, icy blue scales 1, powered by pain 1
a: Renounce Religion, Sea of Fire, Foxfire Swarm, Rising Flame


You were on level 4 of the Dungeon.
You worshipped Ignis.
Ignis was extremely pleased with you.
You visited 1 branch of the dungeon, and saw 4 of its levels.

You collected 164 gold pieces.

Inventory:

Hand Weapons
 a - a -1 mace of flaming
 b - a +0 flail (weapon)
 t - a +0 dagger of venom
Missiles
 s - 2 boomerangs
Armour
 q - a +0 cloak (worn)
 r - a +0 kite shield (worn)
 u - a +0 robe (worn)
Jewellery
 h - an amulet of guardian spirit (around neck)
 l - a +4 ring of evasion (left hand)
Scrolls
 c - a scroll of enchant weapon {unknown}
 d - a scroll of enchant armour {unknown}
 f - 3 scrolls of identify {unknown}
 g - 4 scrolls of amnesia {unknown}
 i - a scroll of immolation {unknown}
 j - a scroll of fear {unknown}
 k - a scroll of acquirement {unknown}
 n - 2 scrolls of teleportation {unknown}
 p - a scroll of silence {unknown}
Potions
 o - a potion of attraction


   Skills:
 + Level 3.2 Fighting
 * Level 5.4 Maces & Flails
 + Level 0.7 Armour
 + Level 0.9 Shields
 - Level 1.0 Spellcasting
 - Level 2.6 Fire Magic


You had 6 spell levels left.
You didn't know any spells.
Your spell library contained the following spells:

 Spells                   Type           Power      Damage    Failure   Level
 Scorch                   Fire           18%        2d5       56%         2
 Sting                    Tmut/Pois      0%         1d3       80%         1
 Poisonous Vapours        Pois/Air       0%         N/A       91%         2
 Frozen Ramparts          Ice            0%         1d2       99%         3
 Ice Form                 Ice/Tmut       0%         N/A       100%        4
 Olgreb's Toxic Radiance  Pois           0%         N/A       100%        4
 Summon Ice Beast         Ice/Summ       0%         N/A       100%        4


Dungeon Overview and Level Annotations

Branches:
Dungeon (4/15)             Temple (0/1) D:4

Altars:


Innate Abilities, Weirdness & Mutations

You have large cloven feet.
You are partially covered in icy blue scales. (AC +2)
You sometimes gain a little power by taking damage.


Message History

The orc wizard is severely wounded.
The orc wizard gestures at you while chanting.
You resist with some effort. Something hits you but does no damage.
You block something's attack. The orc wizard misses you.
You closely miss the orc wizard.
The orc wizard is severely wounded.
Something hits you. Something hits you but does no damage.
The orc wizard barely misses you. Something hits you.
Something hits you but does no damage.
You take 2 damage, and have 28/41 hp.
You closely miss the orc wizard.
The orc wizard is severely wounded.
The orc wizard closely misses you. Something hits you. x2
The orc wizard closely misses you.
You take 3 damage, and have 25/41 hp.
You closely miss the orc wizard.
The orc wizard is severely wounded.
You hear some strange, mumbled words.
A magic dart appears from out of thin air!
The magic dart hits you! Something hits you but does no damage.
The orc wizard hits you with a +0 dagger.
* * * LOW HITPOINT WARNING * * *
Something hits you but does no damage. Something hits you.
* * * LOW HITPOINT WARNING * * *
You are too injured to fight recklessly!
You take 11 damage, and have 14/41 hp.
MASSIVE DAMAGE!!
You now have 3/6 mp.
You are too injured to fight recklessly!
You are too injured to fight recklessly!
You are too injured to fight recklessly!
You are too injured to fight recklessly!
You are too injured to fight recklessly!
You are too injured to fight recklessly!
You are too injured to fight recklessly!
You are too injured to fight recklessly!
The orc wizard hits you but does no damage.
Something hits you but does no damage.
You hear some strange, mumbled words.
A puff of flame appears from out of thin air!
The puff of flame hits you. You resist.
* * * LOW HITPOINT WARNING * * *
You take 4 damage, and have 11/41 hp.
You block something's attack.
You hit the orc wizard but do no damage.
Your kick misses the orc wizard.
The orc wizard is heavily wounded.
The orc wizard hits you but does no damage.
Your shield prevents you from hitting the orc wizard.
The orc wizard is heavily wounded.
You block the orc wizard's attack.
The orc wizard hits you with a +0 dagger.
* * * LOW HITPOINT WARNING * * *
You take 1 damage, and have 10/41 hp.
Flames leap up around you!
The orc wizard hits you but does no damage.
Unknown command.
Your foxfire dissipates!
The foxfire hits the orc wizard but does no damage.
The orc wizard is heavily wounded.
The foxfire hits the orc wizard.
The orc wizard is severely wounded.
The foxfire hits the orc wizard but does no damage.
The orc wizard is severely wounded.
The foxfire hits the orc wizard but does no damage.
The orc wizard is severely wounded.
The foxfire hits the orc wizard.
The orc wizard is severely wounded.
The foxfire hits the orc wizard but does no damage.
The orc wizard is severely wounded.
The orc wizard completely misses you.
You closely miss the orc wizard. Your kick misses the orc wizard.
The orc wizard is severely wounded.
An orc wizard appears from thin air!
Reactivating autopickup.
The orc wizard gestures wildly while chanting.
The orc wizard flickers and vanishes!
Deactivating autopickup; reactivate with Ctrl-A.
You hit something. Your kick misses something.
You hear some strange, mumbled words.
A magic dart appears from out of thin air!
The magic dart hits you.
* * * LOW HITPOINT WARNING * * *
You block something's attack.
The orc wizard points at you and mumbles some strange words.
You hear some strange, mumbled words.
A magic dart appears from out of thin air!
The magic dart hits you!
* * * LOW HITPOINT WARNING * * *
Something hits you but does no damage.
You take 10 damage, and have 1/41 hp.
MASSIVE DAMAGE!!
You now have 0/6 mp.
The orc wizard gestures at you while chanting.
The magic dart hits something.
A magic dart appears from out of thin air!
The magic dart hits something!
Reactivating autopickup.
You feel a bit more experienced.
The orc wizard points at you and mumbles some strange words.
The magic dart hits something!
You feel a bit more experienced.
The orc wizard gestures at you while chanting.
The puff of flame hits you. You resist.
You die...

██..██..███.█)█...█..
██..████.██..█.███....
█ ██o.██
█.██.██...███.. ██
███████..██
█....█........█
.████.o.....██
██...██..>..██..
......████.██
██..█o.......█...
█...███ ███
██...).███...██.█.
█...██
██...██...███)█..██
..█..██
█.@██████...█.█.█
.███..██ █..█
███.....█ .█ ██..██
█..█ ███..█.██ █ .██
██..██ █).█
██......████ █.██
██..█ █..█
██........... █..██
█[.██ █..█
█..██████....
██..███...██ █..█
██.██ ███..
██........████..█ █..█
██. █........██...██
█..█ ██


You could see an orc wizard.

Vanquished Creatures
  A bullfrog skeleton (D:3)
  An orc priest (D:4)
  A gnoll (D:1)
  6 adders
  2 dart slugs
  5 orcs
  2 bats (D:3)
  9 endoplasms
  3 goblins
  8 hobgoblins
  5 kobolds
  3 quokkas
  6 ball pythons
  5 frilled lizards
  A rat (D:1)
58 creatures vanquished.

Vanquished Creatures (others)
  2 orc wizards (D:4)
  5 foxfires (D:4)
  10 plants (D:2)
17 creatures vanquished.

Grand Total: 75 creatures vanquished

Notes
Turn   | Place    | Note
-------+----------+-------------------------------------------
     0 | D:1      | Goblin1989 the Demonspawn Cinder Acolyte began the quest
                  | for the Orb.
     0 | D:1      | Reached XP level 1. HP: 18/18 MP: 2/2
     1 | D:1      | You fall into a shaft and drop 1 floor!
   154 | D:2      | Reached skill level 3 in Maces & Flails
   304 | D:1      | Gained mutation: You are partially covered in icy blue
                  | scales. (AC +2) [demonic ancestry]
   304 | D:1      | Reached XP level 2. HP: 20/24 MP: 3/3
  1140 | D:1      | Found a faded altar of an unknown god.
  1523 | D:1      | Gained mutation: You sometimes gain a little power by
                  | taking damage. [demonic ancestry]
  1523 | D:1      | Reached XP level 3. HP: 3/29 MP: 4/4
  2414 | D:2      | Reached skill level 4 in Maces & Flails
  3415 | D:3      | Reached XP level 4. HP: 31/35 MP: 5/5
  3684 | D:3      | Reached skill level 5 in Maces & Flails
  4320 | D:4      | Noticed a scorpion
  4503 | D:4      | Gained mutation: You have large cloven feet. [demonic
                  | ancestry]
  4503 | D:4      | Reached XP level 5. HP: 24/41 MP: 4/6
  4682 | D:4      | Found a staircase to the Ecumenical Temple.
  4998 | D:4      | HP: 1/41 [orc priest (2)]
  5425 | D:4      | HP: 1/41 [something/magic dart (6)]
  5429 | D:4      | Killed from afar by an orc wizard

Illustrated notes

Levels and vault maps discovered:
D:1:      minmay_arrival_loop, layout_basic, shapermc_ecumenical_altar_ellora
D:2:      wander_river, layout_basic, minmay_misc_feat_square, kennysheep_boxes
D:3:      layout_basic, minmay_misc_feat_iff, moated_statue
D:4:      layout_layer_cave, bloody_makhleb, minmay_temple_entry_slanted

Skill      XL: |  1  2  3  4 |
---------------+-------------+-----
Maces & Flails | 3 4 5 |  5.4
Fighting       | |  3.2
Armour         | |  0.7
Shields        | |  0.9
Spellcasting   | |  1.0
Fire Magic     | |  2.6

Action                   |  1- 3 |  4- 6 || total
-------------------------+-------+-------++-------
Melee: Mace              |    30 |     3 ||    33
       Whip              |   149 |   113 ||   262
       Flail             |       |    17 ||    17
       Kick              |       |     9 ||     9
Invok: Sea of Fire       |     1 |       ||     1
       Foxfire Swarm     |       |     1 ||     1
  Use: Potion            |       |     2 ||     2
Armor: Robe              |    43 |    33 ||    76
Dodge: Dodged            |   108 |    81 ||   189
Block: Kite shield       |       |    24 ||    24

Table legend: (Time is in decaauts)
 A = Elapsed time spent in this place.
 B = Non-inter-level travel time spent in this place.
 C = Inter-level travel time spent in this place.
 D = Time resting spent in this place.
 E = Time spent auto-exploring this place.
 F = Levels seen in this place.
 G = Mean time per level.
                   A        B        C        D        E       F      G
               +--------+--------+--------+--------+--------+-----+--------+
         Total |   5441 |   5271 |    170 |   1478 |   3123 |   4 | 1360.2 |
       Dungeon |   5441 |   5271 |    170 |   1478 |   3123 |   4 | 1360.2 |
               +--------+--------+--------+--------+--------+-----+--------+

Top non-repeatable levels by time:
     D:1: 2050 daAuts
     D:3: 1175 daAuts
     D:2: 1128 daAuts
     D:4: 1086 daAuts
